Map: Prion Terraces

Players

VillaiN - Winner!

  • Race: Zerg Zerg
  • League: Master

lIIlllllIIII (HuK)

  • Race: Protoss Protoss
  • League: Master

VOD

Have the link to the VOD?

Description

Time

  • Played on: Nov. 15, 2015, 5:39 p.m.
  • Length: 11:34
Show
View Real Time Build Order
Export as new Build Order

VillaiN Zerg - Winner!

Build Orders: Pool First 

Get SALT Encoding   

  12  0:01  Drone  
  13  0:07  Extractor  
  13  0:13  Drone  
  13  0:29  Spawning Pool  
  13  0:34  Drone  
  13  0:41  Drone  
  14  0:53  Overlord  
  14  1:16  Zergling x2  
  14  1:17  Zergling x4  
  17  1:19  Queen  
  19  1:27  Metabolic Boost  
  19  1:31  Zergling x2  
  20  1:39  Zergling x2  
  21  1:49  Zergling x2  
  22  2:01  Overlord  
  22  2:17  Hatchery  
  21  2:36  Zergling x10  
  24  2:49  Zergling x2  
  25  2:56  Queen  
  26  3:17  Zergling x6  
  27  3:32  Hatchery  
  26  3:34  Zergling x6  
  26  3:35  Zergling x2  
  29  3:48  Zergling x4  
  24  4:05  Zergling x2  
  24  4:06  Zergling x8  
  29  4:15  Drone x2  
  29  4:17  Drone  
  30  4:24  Drone  
  29  4:36  Drone x2  
  29  4:38  Drone x2  
  29  4:45  Overlord  
  31  4:47  Drone  
  31  4:49  Drone  
  31  4:51  Drone  
  33  4:56  Drone  
  31  5:02  Drone x2  
  31  5:03  Drone x2  
  34  5:12  Drone x4  
  38  5:22  Drone x3  
  38  5:27  Overlord x2  
  41  5:35  Overlord, Drone  
  42  5:49  Drone  
  43  5:50  Lair  
  43  5:51  Drone x4  
  43  5:52  Roach Warren, Drone  
  43  5:56  Zergling x6  
  49  5:59  Zergling x2  
  49  6:03  Queen, Zergling x2  
  52  6:05  Zergling x2  
  52  6:06  Zergling x4  
  55  6:23  Overlord x2, Drone x2  
  55  6:24  Drone  
  55  6:25  Drone x2  
  58  6:38  Evolution Chamber  
  53  6:41  Spore Crawler  
  53  6:43  Drone, Spore Crawler  
  53  6:45  Spore Crawler, Drone x2  
  53  6:46  Drone x7  
  60  6:49  Extractor  
  60  6:50  Extractor  
  60  6:53  Glial Reconstitution  
  58  6:56  Overlord  
  58  6:57  Drone  
  58  6:58  Drone  
  58  7:01  Extractor  
  54  7:21  Drone  
  54  7:22  Drone x4  
  59  7:23  Drone  
  59  7:28  Drone x7, Extractor  
  59  7:29  Extractor  
  65  7:33  Drone  
  65  7:36  Zerg Missile Weapons Level 1  
  66  7:39  Hydralisk Den, Roach  
  66  7:41  Roach  
  68  7:45  Roach x2  
  68  7:49  Zergling x2  
  68  7:50  Roach x2, Zergling x6  
  79  7:55  Roach x2, Zergling x4  
  85  7:59  Roach  
  85  8:02  Overlord  
  85  8:03  Overlord  
  87  8:08  Overlord  
  87  8:10  Overlord  
  87  8:14  Hatchery  
  87  8:15  Muscular Augments  
  86  8:21  Hydralisk x4  
  86  8:22  Hydralisk  
  86  8:26  Hydralisk  
  98  8:28  Hydralisk  
  98  8:31  Hydralisk  
  102  8:36  Hydralisk  
  102  8:37  Overlord  
  102  8:40  Overlord  
  104  8:41  Overlord  
  104  8:49  Overlord  
  104  8:55  Overlord x2  
  104  9:04  Overlord  
  104  9:06  Hydralisk x6  
  116  9:22  Roach x7  
  130  9:24  Zergling x2  
  130  9:25  Zergling x2  
  130  9:27  Zergling x2  
  133  9:32  Lurker Den  
  133  9:37  Roach x2  
  140  9:45  Ravager x4  
  140  9:46  Ravager  
  140  9:47  Roach x4  
  140  9:51  Roach x2  
  156  9:52  Roach  
  156  9:56  Spore Crawler  
  154  10:01  Roach x2  
  154  10:02  Roach x2  
  121  10:14  Zergling x2  
  121  10:15  Roach x6, Zergling x4  
  124  10:22  Drone x5, Extractor  
  124  10:24  Roach, Extractor  
  124  10:27  Roach  
  127  10:34  Roach x2  
  127  10:35  Roach x2  
  131  10:39  Roach x2  
  131  10:42  Hydralisk  
  129  10:43  Zergling x2  
  124  10:51  Hydralisk x4  
  129  11:04  Roach x7  
  131  11:09  Overlord  
  131  11:11  Roach x2  
Show
View Real Time Build Order
Export as new Build Order

lIIlllllIIII Protoss 

Build Orders: 1 Gate Expand 

Get SALT Encoding   

  12  0:01  Probe (Chrono Boost)  
  13  0:11  Probe (Chrono Boost)  
  14  0:17  Pylon  
  14  0:22  Probe (Chrono Boost)  
  16  0:35  Probe (Chrono Boost)  
  16  0:38  Gateway  
  16  0:42  Assimilator  
  16  0:46  Probe (Chrono Boost)  
  17  0:57  Probe (Chrono Boost)  
  18  1:07  Probe (Chrono Boost)  
  19  1:18  Probe (Chrono Boost)  
  20  1:25  Nexus  
  20  1:32  Cybernetics Core  
  20  1:37  Pylon  
  20  1:40  Probe (Chrono Boost)  
  21  1:47  Assimilator  
  21  1:51  Probe (Chrono Boost)  
  22  1:57  Zealot (Chrono Boost)  
  24  2:01  Probe  
  25  2:11  Pylon  
  25  2:14  Pylon  
  25  2:29  Mothership Core (Chrono Boost)  
  27  2:37  Gateway  
  27  2:42  Pylon  
  27  2:44  Adept (Chrono Boost)  
  26  2:58  Probe (Chrono Boost)  
  27  3:09  Adept (Chrono Boost)  
  29  3:15  Probe (Chrono Boost)  
  27  3:24  Probe (Chrono Boost), Pylon  
  27  3:25  Adept (Chrono Boost)  
  27  3:37  Adept (Chrono Boost)  
  29  3:43  Pylon  
  28  3:48  Warp Gate (Chrono Boost)  
  28  3:49  Probe  
  29  4:01  Probe  
  32  4:10  Adept (Chrono Boost)  
  32  4:13  Probe  
  31  4:22  Sentry (Chrono Boost)  
  33  4:25  Probe, Pylon  
  34  4:35  Sentry (Chrono Boost)  
  34  4:38  Probe  
  37  4:50  Probe  
  34  5:00  Nexus  
  34  5:06  Gateway  
  34  5:07  Pylon  
  34  5:17  Probe  
  35  5:26  Stargate  
  35  5:29  Probe (Chrono Boost), Forge  
  36  5:44  Adept x2  
  36  5:46  Probe (Chrono Boost)  
  41  5:52  Assimilator  
  42  5:57  Probe (Chrono Boost)  
  42  6:07  Probe (Chrono Boost)  
  43  6:17  Probe (Chrono Boost)  
  44  6:20  Probe (Chrono Boost)  
  44  6:21  Oracle (Chrono Boost)  
  48  6:30  Probe  
  49  6:37  Probe  
  46  6:40  Sentry x3, Probe, Assimilator  
  46  6:41  Protoss Ground Weapons Level 1 (Chrono Boost)  
  51  6:49  Probe  
  51  6:51  Probe  
  51  6:53  Void Ray (Chrono Boost)  
  57  7:01  Probe  
  56  7:16  Probe  
  56  7:17  Probe  
  56  7:22  Adept x3, Robotics Facility  
  64  7:23  Twilight Council  
  64  7:26  Probe  
  64  7:29  Probe  
  66  7:46  Nexus, Blink  
  66  7:52  Probe  
  66  7:54  Probe  
  68  8:06  Probe, Pylon  
  68  8:08  Probe  
  70  8:13  Robotics Bay  
  70  8:22  Pylon  
  70  8:24  Probe x2, Pylon  
  70  8:26  Adept  
  74  8:27  Observer (Chrono Boost)  
  75  8:36  Probe  
  75  8:37  Probe  
  77  8:44  Photon Cannon  
  77  8:45  Photon Cannon  
  77  8:46  Sentry x2  
  77  8:47  Assimilator  
  77  8:48  Probe, Observer (Chrono Boost)  
  83  8:50  Assimilator  
  83  8:51  Probe  
  84  9:03  Probe, Disruptor (Chrono Boost)  
  84  9:04  Protoss Ground Weapons Level 2 (Chrono Boost)  
  84  9:09  Probe  
  85  9:20  Pylon  
  85  9:21  Probe, Pylon  
  86  9:32  Stalker x3, Disruptor  
  95  9:41  Gateway  
  95  9:46  Gateway  
  95  9:47  Gateway  
  95  9:55  Stalker  
  95  9:56  Stalker x2  
  76  10:18  Stalker  
  76  10:19  Stalker x2  
  76  10:20  Mothership Core  
  78  10:28  Disruptor  
  50  10:45  Stalker x2  
  50  10:46  Stalker  
  50  10:48  Stalker x3  
  58  10:57  Mothership Core  
  61  11:09  Stalker  
  59  11:12  Stalker  
Tags
 
Add a new tag
Caveats
  • Supply blocks, unpowered buildings, or Contaminate may cause inaccurate times.
  • Supply counts are checked every 10 seconds.